TOP OF THE 1ST |
New Hampshire Fisher Cats batting - Pitching for Jackson Generals : RHP Dwain Ashford
|
Pitching: RHP Dwain Ashford
|
|
Batting: LHB Yoshinari Nara
|
0-0: Fly out, F7 (Flyball, 78D, EV 86.2 MPH)
|
Batting: RHB Francisco Hernandez
|
0-0: Called Strike 0-1: Ball 1-1: Foul Ball, location: 2F 1-2: Ball 2-2: Ground out 6-3 (Groundball, 56D, EV 100.0 MPH)
|
Batting: RHB Adam McGurn
|
0-0: Foul Ball, location: 2F 0-1: Called Strike 0-2: Ball 1-2: Foul Ball, location: 2F 1-2: Ball 2-2: SINGLE (Groundball, 6MD, EV 95.6 MPH)
|
Batting: LHB Jesus Romero
|
0-0: Called Strike 0-1: Foul Ball, location: 2F 0-2: Reached on error, E4 (Groundball, 4, EV 83.1 MPH) Adam McGurn to second
|
Batting: RHB Jordan Fairburn
|
0-0: Called Strike 0-1: Swinging Strike 0-2: Strikes out swinging
|
Top of the 1st over - 0 runs, 1 hit, 1 error, 2 left on base; New Hampshire 0 - Jackson 0 |
BOTTOM OF THE 1ST |
Jackson Generals batting - Pitching for New Hampshire Fisher Cats : RHP Omar Torres
|
Pitching: RHP Omar Torres
|
|
Batting: LHB Jerrod Cluck
|
0-0: Called Strike 0-1: Ball 1-1: Foul Ball, location: 2F 1-2: Foul Ball, location: 2F 1-2: Foul Ball, location: 2F 1-2: Fly out, F7 (Flyball, 7LD, EV 90.0 MPH)
|
Batting: RHB Tony Vargas
|
0-0: Called Strike 0-1: Ball 1-1: Ball 2-1: Ball 3-1: Called Strike 3-2: Base on Balls
|
Batting: RHB Brad Robidas
|
0-0: Ball Wild Pitch! Tony Vargas to second 1-0: Called Strike Tony Vargas steals 3rd base 1-1: Ground out 5-3 (Groundball, 5S, EV 65.6 MPH)
|
Batting: RHB Malik Brookshire
|
0-0: Called Strike 0-1: SINGLE (Line Drive, 9S, EV 90.6 MPH) Tony Vargas scores
|
Batting: RHB Rick Ellis
|
0-0: Ground out 5-3 (Groundball, 56S, EV 71.9 MPH)
|
Bottom of the 1st over - 1 run, 1 hit, 0 errors, 1 left on base; New Hampshire 0 - Jackson 1 |
TOP OF THE 2ND |
New Hampshire Fisher Cats batting - Pitching for Jackson Generals : RHP Dwain Ashford
|
Batting: RHB Finn Ross
|
0-0: Ball 1-0: Called Strike 1-1: Foul Ball, location: 2F 1-2: Strikes out looking
|
Batting: RHB John Loving
|
0-0: Called Strike 0-1: Ball 1-1: Foul Ball, location: 2F 1-2: Ground out 5-3 (Groundball, 56S, EV 80.0 MPH)
|
Batting: RHB Darren McCarty Jr.
|
0-0: Ball 1-0: Called Strike 1-1: Called Strike 1-2: Ball 2-2: Strikes out looking
|
Top of the 2nd over - 0 runs, 0 hits, 0 errors, 0 left on base; New Hampshire 0 - Jackson 1 |
BOTTOM OF THE 2ND |
Jackson Generals batting - Pitching for New Hampshire Fisher Cats : RHP Omar Torres
|
Batting: RHB Bill Vives
|
0-0: Called Strike 0-1: Foul Ball, location: 2F 0-2: Ball 1-2: Ball 2-2: Strikes out swinging
|
Batting: RHB Robby Cuellar
|
0-0: Ground out 6-3 (Groundball, 6, EV 84.4 MPH)
|
Batting: RHB Sean Peake
|
0-0: Called Strike 0-1: Fly out, F7 (Line Drive, 7, EV 85.6 MPH)
|
Bottom of the 2nd over - 0 runs, 0 hits, 0 errors, 0 left on base; New Hampshire 0 - Jackson 1 |
TOP OF THE 3RD |
New Hampshire Fisher Cats batting - Pitching for Jackson Generals : RHP Dwain Ashford
|
Batting: SHB Tristan Dearing
|
0-0: Ball 1-0: Called Strike 1-1: Foul Ball, location: 2F 1-2: Ball 2-2: SINGLE (Flyball, 8LS, EV 91.9 MPH)
|
Batting: LHB Yoshinari Nara
|
0-0: Ball 1-0: Ball 2-0: Called Strike 2-1: Fly out, F7 (Flyball, 7, EV 80.6 MPH)
|
Batting: RHB Francisco Hernandez
|
0-0: Swinging Strike 0-1: Ball 1-1: Ball 2-1: Fielders Choice at 2nd, 6-4 (Groundball, 6M, EV 81.2 MPH)
|
Batting: RHB Adam McGurn
|
0-0: Ball 1-0: Called Strike 1-1: Ball 2-1: SINGLE (Groundball, 56D, EV 100.0 MPH) Francisco Hernandez to second
|
Batting: LHB Jesus Romero
|
0-0: Ball 1-0: Called Strike 1-1: Foul Ball, location: 2F 1-2: Strikes out swinging
|
Top of the 3rd over - 0 runs, 2 hits, 0 errors, 2 left on base; New Hampshire 0 - Jackson 1 |
BOTTOM OF THE 3RD |
Jackson Generals batting - Pitching for New Hampshire Fisher Cats : RHP Omar Torres
|
Batting: LHB Matt Purke Jr.
|
0-0: Ball 1-0: Ball 2-0: Ground out U3 (Groundball, 3, EV 102.5 MPH)
|
Batting: LHB Jerrod Cluck
|
0-0: Called Strike 0-1: Foul Ball, location: 2F 0-2: Ball 1-2: Foul Ball, location: 2F 1-2: Ball 2-2: Ground out 5-3 (Groundball, 56, EV 103.1 MPH)
|
Batting: RHB Tony Vargas
|
0-0: Called Strike 0-1: Foul Ball, location: 2F 0-2: Strikes out swinging
|
Bottom of the 3rd over - 0 runs, 0 hits, 0 errors, 0 left on base; New Hampshire 0 - Jackson 1 |
TOP OF THE 4TH |
New Hampshire Fisher Cats batting - Pitching for Jackson Generals : RHP Dwain Ashford
|
Pitching: RHP Tyler Rayner
|
|
Batting: RHB Jordan Fairburn
|
0-0: Ground out 6-3 (Groundball, 56D, EV 103.8 MPH)
|
Batting: RHB Finn Ross
|
0-0: Ball 1-0: Called Strike 1-1: Swinging Strike 1-2: Strikes out swinging
|
Batting: RHB John Loving
|
0-0: Fly out, F9 (Flyball, 89XD, EV 81.9 MPH)
|
Top of the 4th over - 0 runs, 0 hits, 0 errors, 0 left on base; New Hampshire 0 - Jackson 1 |
BOTTOM OF THE 4TH |
Jackson Generals batting - Pitching for New Hampshire Fisher Cats : RHP Omar Torres
|
Batting: RHB Brad Robidas
|
0-0: Ball 1-0: Foul Ball, location: 2F 1-1: Ball 2-1: Ball 3-1: Base on Balls
|
Batting: RHB Malik Brookshire
|
0-0: Ball Brad Robidas is caught stealing 2nd base 2-4 1-0: Foul Ball, location: 2F 1-1: Foul Ball, location: 2F 1-2: Strikes out looking
|
Batting: RHB Rick Ellis
|
0-0: SOLO HOME RUN (Flyball, 7LD, EV 96.9 MPH), Distance : 357 ft
|
Batting: RHB Bill Vives
|
0-0: Ball 1-0: Called Strike 1-1: Foul Ball, location: 2F 1-2: Ball 2-2: Strikes out swinging
|
Bottom of the 4th over - 1 run, 1 hit, 0 errors, 0 left on base; New Hampshire 0 - Jackson 2 |
TOP OF THE 5TH |
New Hampshire Fisher Cats batting - Pitching for Jackson Generals : RHP Tyler Rayner
|
Batting: RHB Darren McCarty Jr.
|
0-0: Called Strike 0-1: Called Strike 0-2: DOUBLE (Groundball, 5L, EV 97.5 MPH)
|
Batting: SHB Tristan Dearing
|
0-0: Ball 1-0: Ball 2-0: Ball 3-0: Foul Ball, location: 2F 3-1: SINGLE (Groundball, 34S, EV 68.1 MPH) (infield hit) Darren McCarty Jr. to third
|
Batting: LHB Yoshinari Nara
|
0-0: Foul Ball, location: 2F 0-1: Foul Ball, location: 2F 0-2: Foul Ball, location: 2F 0-2: Ball 1-2: Strikes out swinging
|
Batting: RHB Francisco Hernandez
|
Pickoff Throw to First - Out! 1-3 0-0: Called Strike 0-1: Ground out 5-3 (Groundball, 56, EV 86.2 MPH)
|
Top of the 5th over - 0 runs, 2 hits, 0 errors, 1 left on base; New Hampshire 0 - Jackson 2 |
BOTTOM OF THE 5TH |
Jackson Generals batting - Pitching for New Hampshire Fisher Cats : RHP Omar Torres
|
Batting: RHB Robby Cuellar
|
0-0: Ball 1-0: Ball 2-0: Foul Ball, location: 2F 2-1: Called Strike 2-2: SINGLE (Line Drive, 34D, EV 95.0 MPH)
|
Batting: RHB Sean Peake
|
0-0: Ball 1-0: Ball 2-0: Called Strike 2-1: Foul Ball, location: 2F 2-2: Ball 3-2: Grounds into double play, 4-6-3 (Groundball, 4M, EV 100.0 MPH)
|
Batting: LHB Matt Purke Jr.
|
0-0: Ball 1-0: Called Strike 1-1: Ground out 4-3 (Groundball, 4, EV 90.0 MPH)
|
Bottom of the 5th over - 0 runs, 1 hit, 0 errors, 0 left on base; New Hampshire 0 - Jackson 2 |
TOP OF THE 6TH |
New Hampshire Fisher Cats batting - Pitching for Jackson Generals : RHP Tyler Rayner
|
Batting: RHB Adam McGurn
|
0-0: Foul Ball, location: 2F 0-1: SINGLE (Line Drive, 9S, EV 87.5 MPH)
|
Batting: LHB Jesus Romero
|
0-0: Ball Adam McGurn steals 2nd base 1-0: Ball 2-0: Ball 3-0: Base on Balls
|
Batting: RHB Jordan Fairburn
|
0-0: Called Strike 0-1: Ball 1-1: Ball 2-1: Swinging Strike 2-2: Strikes out swinging
|
Batting: RHB Finn Ross
|
0-0: Ball 1-0: Ball 2-0: Ball 3-0: Called Strike 3-1: Fielders Choice at 2nd, 6-4 (Groundball, 6, EV 85.0 MPH) Adam McGurn to third
|
Batting: RHB John Loving
|
0-0: Ball 1-0: Ball 2-0: Called Strike 2-1: Ground out 5-3 (Groundball, 56S, EV 84.4 MPH)
|
Top of the 6th over - 0 runs, 1 hit, 0 errors, 2 left on base; New Hampshire 0 - Jackson 2 |
BOTTOM OF THE 6TH |
Jackson Generals batting - Pitching for New Hampshire Fisher Cats : RHP Omar Torres
|
Batting: LHB Jerrod Cluck
|
0-0: Ball 1-0: Called Strike 1-1: Foul Ball, location: 2F 1-2: Ground out 6-3 (Groundball, 6, EV 86.9 MPH)
|
Batting: RHB Tony Vargas
|
0-0: Foul Ball, location: 2F 0-1: Ball 1-1: Foul Ball, location: 2F 1-2: Ball 2-2: Foul Ball, location: 2F 2-2: Foul Ball, location: 2F 2-2: Fly out, F3 (Popup, 34, EV 79.4 MPH)
|
Batting: RHB Brad Robidas
|
0-0: Ball 1-0: Swinging Strike 1-1: Foul Ball, location: 2F 1-2: Ball 2-2: Fly out, F9 (Flyball, 9D, EV 104.4 MPH)
|
Bottom of the 6th over - 0 runs, 0 hits, 0 errors, 0 left on base; New Hampshire 0 - Jackson 2 |
TOP OF THE 7TH |
New Hampshire Fisher Cats batting - Pitching for Jackson Generals : RHP Tyler Rayner
|
Pitching: RHP Chris Gilbo
|
|
Batting: RHB Darren McCarty Jr.
|
0-0: Ground out 6-3 (Groundball, 6, EV 86.2 MPH)
|
Batting: SHB Tristan Dearing
|
0-0: Called Strike 0-1: Ground out 3-1 (Groundball, 34, EV 103.1 MPH)
|
Batting: LHB Yoshinari Nara
|
0-0: Called Strike 0-1: Ball 1-1: Foul Ball, location: 2F 1-2: Foul Ball, location: 2F 1-2: Ball 2-2: Strikes out swinging
|
Top of the 7th over - 0 runs, 0 hits, 0 errors, 0 left on base; New Hampshire 0 - Jackson 2 |
BOTTOM OF THE 7TH |
Jackson Generals batting - Pitching for New Hampshire Fisher Cats : RHP Omar Torres
|
Batting: RHB Malik Brookshire
|
0-0: Ball 1-0: Ground out 6-3 (Groundball, 6M, EV 109.4 MPH)
|
Batting: RHB Rick Ellis
|
0-0: Called Strike 0-1: Called Strike 0-2: Ball 1-2: Ball 2-2: Ball 3-2: Fly out, F9 (Flyball, 9LM, EV 95.0 MPH)
|
Batting: RHB Bill Vives
|
0-0: Ball 1-0: Foul Ball, location: 2F 1-1: Ground out 6-3 (Groundball, 6S, EV 83.1 MPH)
|
Bottom of the 7th over - 0 runs, 0 hits, 0 errors, 0 left on base; New Hampshire 0 - Jackson 2 |
TOP OF THE 8TH |
New Hampshire Fisher Cats batting - Pitching for Jackson Generals : RHP Chris Gilbo
|
Batting: RHB Francisco Hernandez
|
0-0: Foul Ball, location: 2F 0-1: Called Strike 0-2: Foul Ball, location: 2F 0-2: Ball 1-2: Foul Ball, location: 2F 1-2: Ground out 6-3 (Groundball, 6, EV 103.8 MPH)
|
Batting: RHB Adam McGurn
|
0-0: Ball 1-0: Foul Ball, location: 2F 1-1: Swinging Strike 1-2: Ball 2-2: Foul Ball, location: 2F 2-2: Foul Ball, location: 2F 2-2: Strikes out swinging
|
Batting: LHB Jesus Romero
|
0-0: Called Strike 0-1: Foul Ball, location: 2F 0-2: Ball 1-2: Strikes out looking
|
Top of the 8th over - 0 runs, 0 hits, 0 errors, 0 left on base; New Hampshire 0 - Jackson 2 |
BOTTOM OF THE 8TH |
Jackson Generals batting - Pitching for New Hampshire Fisher Cats : RHP Omar Torres
|
Batting: RHB Robby Cuellar
|
0-0: Called Strike 0-1: Ball 1-1: Swinging Strike 1-2: Strikes out swinging
|
Batting: RHB Sean Peake
|
0-0: Called Strike 0-1: Fly out, F7 (Flyball, 7D, EV 102.5 MPH)
|
Batting: LHB Matt Purke Jr.
|
0-0: SOLO HOME RUN (Flyball, 9LD, EV 95.6 MPH), Distance : 359 ft
|
Batting: LHB Jerrod Cluck
|
0-0: Foul Ball, location: 2F 0-1: Ball 1-1: Foul Ball, location: 2F 1-2: Strikes out swinging
|
Bottom of the 8th over - 1 run, 1 hit, 0 errors, 0 left on base; New Hampshire 0 - Jackson 3 |
TOP OF THE 9TH |
New Hampshire Fisher Cats batting - Pitching for Jackson Generals : RHP Chris Gilbo
|
Pitching: RHP Victor Cervantes
|
|
Batting: RHB Jordan Fairburn
|
0-0: Ball 1-0: Ground out 3-1 (Groundball, 34S, EV 84.4 MPH)
|
Batting: RHB Finn Ross
|
0-0: Ball 1-0: Called Strike 1-1: Ground out 6-3 (Groundball, 6, EV 104.4 MPH)
|
Pinch Hitting: LHB Rodrigo Briceno
|
0-0: Ball 1-0: Ball 2-0: Swinging Strike 2-1: Foul Ball, location: 2F 2-2: Foul Ball, location: 2F 2-2: Strikes out swinging
|
Top of the 9th over - 0 runs, 0 hits, 0 errors, 0 left on base; New Hampshire 0 - Jackson 3 |
|